 Dungeon Sprint DCSS version 0.30.1-9-gdf580d7c3d (webtiles) character file.

Game seed: 12397423513127396615

49 Heoruswealwe the Poker (level 3, -12/34 (36) HPs)
             Began as a Minotaur Fighter on Oct 14, 2023.
             Mangled by a wight
             ... wielding a +5 halberd
              (16 damage)
             ... in the Dungeon (Sprint IX: "|||||||||||||||||||||||||||||").
             The game lasted 00:00:54 (104 turns).

Heoruswealwe the Poker (Minotaur Fighter)            Turns: 104, Time: 00:00:55

HP:   -12/34 (36)   AC:  7    Str: 22    XL:     3   Next: 51%
MP:   2/2           EV:  9    Int:  5    God:
Gold: 0             SH:  4    Dex:  9    Spells: 2/2 levels left

rFire   . . .        a - +0 trident
rCold   . . .        d - +0 buckler
rNeg    . . .        c - +0 scale mail
rPois   .            (helmet restricted)
rElec   .            (no cloak)
rCorr   .            (no gloves)
SInv    .            (no boots)
Will    .....        (no amulet) Stlth
                     (no ring)
HPRegen 0.25/turn    (no ring)
MPRegen 0.08/turn

%: no teleportation
@: drained
A: horns 2, retaliatory headbutt
a: no special abilities


You were in the Dungeon.
You visited 1 branch

Inventory:

Hand Weapons
 a - a +0 trident (weapon)
Armour
 c - a +0 scale mail (worn)
 d - a +0 buckler (worn)
Jewellery
 m - a +3 ring of intelligence
 n - a +3 ring of strength
Wands
 l - a wand of iceblast (10)
Scrolls
 j - 2 scrolls of blinking
 k - 2 scrolls of amnesia
Potions
 b - a potion of might
 e - 5 potions of curing
 f - 3 potions of heal wounds
 g - a potion of haste
 h - a potion of invisibility
 i - a potion of berserk rage


   Skills:
 + Level 5.5 Fighting
 * Level 6.4 Polearms
 + Level 5.5 Armour
 - Level 3.6 Shields


You had 2 spell levels left.
You didn't know any spells.
Your spell library was empty.

Dungeon Overview and Level Annotations

Branches:
Dungeon (1/1)

Altars:
Cheibriados
Dithmenos
Elyvilon
Fedhas
Gozag
Hepliaklqana
Kikubaaqudgha
Makhleb
Nemelex Xobeh
Okawaru
Qazlal
Ru
Sif Muna
Trog
Uskayaw
Vehumet
Wu Jian
Xom
Yredelemnul
Zin
The Shining One
Jiyva
Lugonu


Innate Abilities, Weirdness & Mutations

You have a pair of horns on your head.
You reflexively headbutt those who attack you in melee.


Message History

Found a +3 ring of strength.
k - 2 scrolls of amnesia;
j - 2 scrolls of blinking (gained 1)
l - a wand of iceblast (10)
Items here: )))))).
Okay, then.
You see here a +0 pair of gloves.
You see here a +0 cloak.
You see here a +0 plate armour.
m - a +3 ring of intelligence
n - a +3 ring of strength You open the door.
A wight, an acid dragon, a killer bee, 2 wyverns and a kobold brigand come into view.
The kobold brigand is wielding a +0 dagger and quivering curare-tipped darts.
The wyvern hisses angrily.
The killer bee buzzes angrily.
The wyvern hisses angrily.
The kobold brigand shouts!
You block the wyvern's attack.
You barely miss the wyvern. Your headbutt misses the wyvern.
The wyvern bites you but does no damage.
The wight hits you from afar with a +5 halberd.
You hit the wyvern.
The wyvern is lightly wounded.
You block the wyvern's attack.
The wight hits you from afar with a +5 halberd!
You block the wyvern's attack.
You hit the wyvern. Your headbutt misses the wyvern.
The wyvern is lightly wounded.
You block the wyvern's attack. The wight barely misses you.
You hit the wyvern but do no damage.
The wyvern is lightly wounded.
The wyvern bites you!
The wight hits you from afar with a +5 halberd.
* * * LOW HITPOINT WARNING * * *
You feel drained.
* * * LOW HITPOINT WARNING * * *
You block the wyvern's attack.
You puncture the wyvern!
The wyvern is heavily wounded.
You block the wyvern's attack.
The wight hits you from afar with a +5 halberd!
You die...

▓!▓
▓.▓
▓)▓
▓.▓
▓[▓
▓[▓
▓[▓
▓.▓
▓@▓
▓l▓
▓z▓
▓D▓
▓y▓
▓l▓
▓K▓
▓.▓


You could see 2 wyverns, an acid dragon, a kobold brigand, a killer bee and a
wight.

Vanquished Creatures
  An orc wizard (D)
  An adder (D)
  A worm (D)
  2 dart slugs (D)
  A bat (D)
  A goblin (D)
  A hobgoblin (D)
  A kobold (D)
  A rat (D)
10 creatures vanquished.

Notes
Turn   | Place    | Note
-------+----------+-------------------------------------------
     0 | D        | Heoruswealwe the Minotaur Fighter began the quest for the
                  | Orb.
     0 | D        | Reached XP level 1. HP: 19/19 MP: 0/0
    11 | D        | Reached skill level 3 in Polearms
    25 | D        | Noticed an orc wizard
    27 | D        | Killed an orc wizard
    28 | D        | Reached skill level 5 in Fighting
    28 | D        | Reached skill level 5 in Polearms
    28 | D        | Reached skill level 5 in Armour
    28 | D        | Reached XP level 2. HP: 29/29 MP: 1/1
    28 | D        | Reached XP level 3. HP: 36/36 MP: 2/2
    37 | D        | Reached skill level 6 in Polearms
    57 | D        | Found a snail-covered altar of Cheibriados.
    57 | D        | Found a shadowy altar of Dithmenos.
    57 | D        | Found a white marble altar of Elyvilon.
    57 | D        | Found a blossoming altar of Fedhas.
    57 | D        | Found an opulent altar of Gozag.
    58 | D        | Found a hazy altar of Hepliaklqana.
    59 | D        | Found a viscous altar of Jiyva.
    60 | D        | Found an ancient bone altar of Kikubaaqudgha.
    61 | D        | Found a corrupted altar of Lugonu.
    62 | D        | Found a burning altar of Makhleb.
    63 | D        | Found a sparkling altar of Nemelex Xobeh.
    64 | D        | Found an iron altar of Okawaru.
    65 | D        | Found a stormy altar of Qazlal.
    66 | D        | Found a sacrificial altar of Ru.
    67 | D        | Found a shimmering blue altar of Sif Muna.
    68 | D        | Found a bloodstained altar of Trog.
    69 | D        | Found a hide-covered altar of Uskayaw.
    70 | D        | Found a radiant altar of Vehumet.
    71 | D        | Found an ornate altar of the Wu Jian Council.
    72 | D        | Found a shimmering altar of Xom.
    73 | D        | Found a basalt altar of Yredelemnul.
    74 | D        | Found a glowing silver altar of Zin.
    75 | D        | Found a glowing golden altar of the Shining One.
    99 | D        | Noticed a wyvern
    99 | D        | Noticed a wight
    99 | D        | Noticed an acid dragon
    99 | D        | Noticed a killer bee
    99 | D        | Noticed a wyvern
    99 | D        | Noticed a kobold brigand
   104 | D        | Mangled by a wight

Illustrated notes

Levels and vault maps discovered:
D:        linesprint [early_d, line_temple, items_1, d_10, items_2, lair_1,
          lair_end, items_3, orc_1, orc_end, items_4, d_15, swamp_1, shoals_1,
          snake_1, spider_1, d_20, vaults_1, items_5, swamp_end, shoals_end,
          snake_end, spider_end, vaults_end, d_27, items_6, zot_1, zot_end,
          crypt_end, forest_end, elf_end, slime_end, tomb_end, abyss_end,
          pan_hell_end]

Skill      XL: |  1  2  3 |
---------------+----------+-----
Fighting       | 5 |  5.5
Polearms       | 5 6 |  6.4
Armour         | 5 |  5.5
Shields        | |  3.6

Action                     || total
---------------------------++-------
  Melee: Trident           ||    31
         Headbutt          ||     4
 Armour: Scale mail        ||    11
  Dodge: Dodged            ||     9
  Block: Buckler           ||    10
